 Dungeon Crawl Stone Soup version 0.23.0-33-g5e6c059 (webtiles) character file.

Game seed: 11841255717501105162

1669 ohad the Magician (level 9, -6/63 HPs)
             Began as an Octopode Transmuter on Feb 26, 2019.
             Was an Initiate of Gozag.
             Mangled by a wight
             ... wielding a cursed +3 war axe of electrocution
              (11 damage)
             ... on level 6 of the Dungeon.
             The game lasted 00:15:23 (6500 turns).

ohad the Magician (Octopode Transmuter)             Turns: 6500, Time: 00:15:25

Health: -6/63      AC:  5    Str:  9    XL:     9   Next: 1%
Magic:  13/18      EV:  9    Int: 18    God:    Gozag
Gold:   207        SH:  0    Dex: 13    Spells: 3/20 levels left

rFire    . . .     SeeInvis .   (weapon currently unavailable)
rCold    + + +     Gourm    .   (shield currently unavailable)
rNeg     . . .     Faith    .   (helmet currently unavailable)
rPois    +         Spirit   .   (no amulet)
rElec    .         Reflect  .   g - ring of protection from fire
rCorr    .         Harm     .   A - ring of flight
MR       .....                  (no ring)
Stlth    +.........             (no ring)
HPRegen  0.20/turn              (no ring)
MPRegen  0.16/turn              (no ring)
                                (no ring)
                                (no ring)

@: ice-form, very heavily drained
A: large, almost no armour, stealthy swim, amphibious, 8 rings, (constrict 8)
a: End Transformation, Potion Petition, Call Merchant, Bribe Branch, Renounce
Religion, Evoke Flight


You were on level 6 of the Dungeon.
You worshipped Gozag.
Gozag was aware of your devotion.
You were not hungry.
You were a creature of crystalline ice.
You visited 2 branches of the dungeon, and saw 7 of its levels.

You collected 301 gold pieces.
You paid 94 gold pieces to Gozag.

Inventory:

Hand Weapons
 e - a +0 whip of draining
Missiles
 a - 85 arrows
 l - 7 tomahawks (quivered)
 n - 33 poisoned needles
 p - 4 javelins
Jewellery
 d - an uncursed ring of fire
 g - a ring of protection from fire (left front paw)
 A - a ring of flight (right front paw)
Wands
 x - a wand of flame (18)
Scrolls
 f - 3 scrolls of remove curse
 h - 2 scrolls of enchant weapon {unknown}
 o - a scroll of random uselessness {unknown}
 q - 2 scrolls of amnesia {unknown}
 r - 2 scrolls of teleportation {unknown}
 s - a scroll of noise {unknown}
 v - a scroll of fog {unknown}
 y - 3 scrolls of magic mapping {unknown}
Potions
 b - 3 potions of resistance
 i - 3 potions of magic
 j - a potion of flight
 m - 3 potions of curing
 t - 2 potions of degeneration {unknown}
 u - 3 potions of cancellation
 w - a potion of berserk rage {unknown}
 z - a potion of lignification {unknown}
Comestibles
 c - 7 rations


   Skills:
 - Level 1.0(0.0) Fighting
 - Level 2.1(0.0) Dodging
 - Level 3.4(0.3) Unarmed Combat
 - Level 6.4(3.0) Spellcasting
 - Level 4.0(0.9) Summonings
 + Level 6.2(2.8) Transmutations
 - Level 4.4(1.2) Ice Magic


You had 3 spell levels left.
You knew the following spells:

 Your Spells              Type           Power        Failure   Level  Hunger
a - Beastly Appendage     Tmut           ##....       4%          1    None
b - Sticks to Snakes      Tmut           ##......     8%          2    ##.....
c - Spider Form           Tmut/Pois      #.........   26%         3    ###....
d - Ice Form              Ice/Tmut       ##......     56%         4    ####...
e - Ozocubu's Armour      Chrm/Ice       #.......     36%         3    ###....
f - Summon Ice Beast      Ice/Summ       #.......     71%         4    ####...

Your spell library contained the following spells:

 Spells                   Type           Power        Failure   Level  Hunger
 Freeze                   Ice            #...         10%         1    None
 Throw Frost              Conj/Ice       #.....       19%         2    ##.....
 Throw Icicle             Conj/Ice       #.......     77%         4    ####...
 Blade Hands              Tmut           ##........   80%         5    ######.


Dungeon Overview and Level Annotations

Branches:
Dungeon (6/15)             Temple (1/1) D:6

Altars:
Ashenzari
Cheibriados
Dithmenos
Elyvilon
Fedhas
Gozag
Kikubaaqudgha
Makhleb
Nemelex Xobeh
Okawaru
Qazlal
Ru
Sif Muna
Trog
Uskayaw
Vehumet
Wu Jian
Xom
Yredelemnul
Zin
The Shining One


Innate Abilities, Weirdness & Mutations

You cannot wear most types of armour.
You are very stealthy in the water. (Stealth+)
You are amphibious.
You can wear up to eight rings at the same time.
((You can use your tentacles to constrict eight enemies at once.))
((Your skin changes colour to match your surroundings (Stealth+).))
((Your rubbery body absorbs attacks. (AC +1, EV +1)))


Message History

The wight closely misses you.
You hit the wight but do no damage.
The wight is moderately damaged.
The wight hits you with a cursed +3 war axe of electrocution!
You feel drained.
You barely miss the wight.
The wight is moderately damaged.
You barely miss the wight.
The wight is moderately damaged.
The wight hits you with a cursed +3 war axe of electrocution.
You feel drained.
You are electrocuted!
* * * LOW HITPOINT WARNING * * *
Casting: Ice Form (very dangerous; 56% risk of failure)
Confirm with . or Enter, or press ? or * to list all spells.
You create a snake!
You now have 85 arrows.
The wight hits you with a cursed +3 war axe of electrocution!
* * * LOW HITPOINT WARNING * * *
You are electrocuted!
You die...
Your body crumbles into a pile of gold.

......#......##+#..#+##.
.....##..#...# +..+$ #.
....#....##..# $#### #.
.##....).....####..####.
#.##.(.##.............
#.##.(.##........##...
#................##...
#..).>..........###...
#...zYS..........##..p
........##...##..........[##
........##...##.............
.....##......(.......)..[<[.
....# #..#..................
.........#####).............
... ...... #.............#.
z. ...... ###(.............
.......#..(........#..#.


You could see a wight and a friendly adder.

Vanquished Creatures
  Pikel (D:5)
  Duvessa (D:6)
  An ice beast (D:6)
  A slave (D:5)
  An ogre (D:5)
  A phantom (D:5)
  A centaur (D:5)
  Dowan (D:6)
  A scorpion (D:5)
  4 wights
  A howler monkey (D:5)
  A crimson imp (D:3)
  A hound (D:5)
  A jelly (D:5)
  Crazy Yiuf (D:5)
  Natasha (thrice) (D:2)
  Terence (D:3)
  A worker ant (D:3)
  7 gnolls
  4 adders
  A shadow imp (D:5)
  An ooze (D:5)
  A worm (D:3)
  4 leopard geckos
  8 orcs
  A ball python (D:2)
  10 giant cockroaches
  9 goblins
  6 hobgoblins
  2 jackals (D:2)
  2 quokkas
  8 bats
  5 frilled lizards
  A jackal skeleton (D:3)
  6 kobolds
  4 rats
103 creatures vanquished.

Vanquished Creatures (collateral kills)
  A wight (D:6)
1 creature vanquished.

Vanquished Creatures (others)
  A slave (D:6)
  A worker ant (D:6)
  A worm (D:6)
3 creatures vanquished.

Grand Total: 107 creatures vanquished

Notes
Turn   | Place    | Note
-------+----------+-------------------------------------------
     0 | D:1      | ohad the Octopode Transmuter began the quest for the Orb.
     0 | D:1      | Reached XP level 1. HP: 13/13 MP: 3/3
   139 | D:1      | Reached XP level 2. HP: 14/18 MP: 5/5
   201 | D:1      | Learned a level 2 spell: Sticks to Snakes
   650 | D:2      | Reached XP level 3. HP: 16/23 MP: 6/6
   686 | D:2      | Learned a level 3 spell: Spider Form
  1103 | D:2      | Noticed Natasha
  1115 | D:2      | Killed Natasha
  1115 | D:2      | Reached XP level 4. HP: 20/28 MP: 4/7
  1163 | D:2      | Noticed Natasha
  1170 | D:2      | Killed Natasha
  1245 | D:2      | Reached XP level 5. HP: 18/33 MP: 3/8
  1396 | D:2      | Found a bloodstained altar of Trog.
  1492 | D:2      | Noticed Natasha
  1504 | D:2      | Killed Natasha
  1698 | D:3      | Reached skill level 5 in Transmutations
  1901 | D:3      | Found a stormy altar of Qazlal.
  1904 | D:3      | Found an ornate altar of the Wu Jian Council.
  1917 | D:3      | Found a glowing golden altar of the Shining One.
  2212 | D:3      | Noticed Terence
  2223 | D:3      | Killed Terence
  2223 | D:3      | Reached XP level 6. HP: 38/38 MP: 6/9
  3166 | D:4      | Found a radiant altar of Vehumet.
  3206 | D:5      | Entered Level 5 of the Dungeon
  3394 | D:5      | Noticed a water moccasin
  3407 | D:5      | Learned a level 4 spell: Ice Form
  3776 | D:5      | Reached skill level 1 in Ice Magic
  3889 | D:5      | Found a runed translucent door.
  4039 | D:5      | Reached XP level 7. HP: 43/43 MP: 6/10
  4511 | D:5      | Noticed Crazy Yiuf
  4518 | D:5      | Killed Crazy Yiuf
  4555 | D:6      | Noticed Pikel
  4584 | D:6      | Noticed Duvessa
  4584 | D:6      | Noticed Dowan
  4886 | D:6      | Reached XP level 8. HP: 48/48 MP: 9/14
  5263 | D:5      | Learned a level 3 spell: Ozocubu's Armour
  5333 | D:5      | Killed Pikel
  5406 | D:5      | Learned a level 4 spell: Summon Ice Beast
  5419 | D:6      | Killed Duvessa
  5427 | D:6      | Killed Dowan
  5593 | D:6      | Found a staircase to the Ecumenical Temple.
  5605 | Temple   | Entered the Ecumenical Temple
  5708 | Temple   | Became a worshipper of Gozag Ym Sagoz the Greedy
  6292 | D:6      | Reached XP level 9. HP: 20/53 MP: 12/18
  6500 | D:6      | Mangled by a wight

Skill      XL: |  1  2  3  4  5  6  7  8 |
---------------+-------------------------+-----
Transmutations | 3 4 5 6 |  6.2
Ice Magic      | 2 4 |  4.4
Spellcasting   | 4 6 |  6.4
Summonings     | 4 |  4.0
Fighting       | |  1.0
Dodging        | |  2.1
Unarmed Combat | |  3.4

Action                   |  1- 3 |  4- 6 |  7- 9 || total
-------------------------+-------+-------+-------++-------
Melee: Unarmed           |    73 |   140 |   134 ||   347
       Constrict         |    19 |    18 |     2 ||    39
       Kick              |    11 |     8 |       ||    19
       Tentacles         |    10 |     9 |     1 ||    20
       Punch             |     1 |     1 |       ||     2
 Cast: Beastly Appendage |    15 |     9 |       ||    24
       Spider Form       |     1 |    15 |       ||    16
       Sticks to Snakes  |       |     1 |     8 ||     9
       Ice Form          |       |       |    15 ||    15
       Ozocubu's Armour  |       |       |     1 ||     1
Invok: Potion Petition   |       |       |     1 ||     1
  Use: Scroll            |       |     4 |     2 ||     6
       Potion            |       |     2 |     1 ||     3
 Stab: Sleeping          |     7 |     6 |     1 ||    14
       Distracted        |       |       |     2 ||     2
  Eat: Chunk             |       |    12 |     4 ||    16
       Ration            |       |       |     3 ||     3
Armor: Skin              |    11 |     9 |    38 ||    58
Dodge: Dodged            |    38 |    86 |    77 ||   201
